 Dungeon Crawl Stone Soup version 0.18.1-6-gd335043 (webtiles) character file.

102 Kenran the Slasher (level 4, 0/33 HPs)
             Began as a Demonspawn Gladiator on May 16, 2016.
             Was an Initiate of Gozag.
             Slain by a gnoll
             ... wielding a +0 club
              (7 damage)
             ... on level 2 of the Dungeon.
             The game lasted 00:05:20 (2225 turns).

Kenran the Slasher (Demonspawn Gladiator)           Turns: 2225, Time: 00:05:21

Health: 0/33       AC:  4    Str: 16    XL:     4   Next: 50%
Magic:  4/4        EV: 12    Int: 10    God:    Gozag
Gold:   121        SH:  0    Dex: 13    Spells: 0 memorised, 3 levels left

rFire  . . .     SeeInvis .     a - +0 long sword
rCold  . . .     Gourm    .     b - +0 leather armour
rNeg   . . .     Faith    .     (no shield)
rPois  .         Spirit   .     (helmet restricted)
rElec  .         Dismiss  .     (no cloak)
rCorr  .         Reflect  .     (no gloves)
SustAt .         Harm     .     m - +0 pair of boots
MR     .....                    (no amulet)
Stlth  +.........               (no ring)
                                (no ring)

@: not resistant to hostile enchantments, very unstealthy
A: antennae 1, sturdy frame 1
a: Potion Petition, Call Merchant, Bribe Branch, Renounce Religion


You were on level 2 of the Dungeon.
You worshipped Gozag.
Gozag was noncommittal.
You were not hungry.

You visited 1 branch of the dungeon, and saw 2 of its levels.

You collected 135 gold pieces.
You paid 14 gold pieces to Gozag.

Inventory:

Hand Weapons
 a - a +0 long sword (weapon)
Missiles
 d - 3 throwing nets
 p - a tomahawk of dispersal (quivered)
Armour
 b - a +0 leather armour (worn)
 c - a +0 helmet
 m - a +0 pair of boots (worn)
Scrolls
 h - a scroll of blinking {unknown}
 j - a scroll of teleportation {unknown}
 k - a scroll of fear {unknown}
 l - a scroll of magic mapping {unknown}
 n - a scroll of identify {unknown}
 o - a scroll of recharging {unknown}
 r - a scroll of enchant armour {unknown}
Potions
 e - a potion of curing {unknown}
 i - a potion of might {unknown}
Comestibles
 f - a bread ration


   Skills:
 - Level 2.0 Fighting
 + Level 4.8 Long Blades
 - Level 1.7 Throwing
 - Level 2.6 Dodging


You had 3 spell levels left.
You didn't know any spells.

Dungeon Overview and Level Annotations

Branches:
Dungeon (2/15)

Altars:
Gozag
Nemelex Xobeh


Innate Abilities, Weirdness & Mutations

You have a pair of small antennae on your head.
Your movements are slightly less encumbered by armour (ER -2).


Message History

The gnoll hits you from afar with a spear.
You barely miss the goblin.
The goblin is severely wounded.
The gnoll closely misses you. The goblin misses you.
The gnoll hits you from afar with a spear.
You barely miss the goblin.
The goblin is severely wounded.
The gnoll hits you with a club. The gnoll closely misses you.
The goblin closely misses you.
You closely miss the goblin.
The goblin is severely wounded.
The gnoll hits you from afar with a spear.
The gnoll closely misses you. The goblin hits you but does no damage.
You closely miss the goblin.
The goblin is severely wounded.
The gnoll hits you from afar with a spear.
* * * LOW HITPOINT WARNING * * *
The gnoll hits you with a club!
You die...
Your body crumbles into a pile of gold.

...#.# ..# #.#
...#.# #.# #.#
#.##.# #.# #.#
#.#######.#
#.........#
#####.##### #.#
#g# #@#
###.###g#
..#..gg#
#.###.#
#######.....#
#.......g####
######.######.#
g.......# #g#
######..# #.#


You could see 3 gnolls and a goblin.

Vanquished Creatures
  7 adders
  An ooze (D:1)
  2 dart slugs
  2 giant geckos (D:2)
  A ball python (D:2)
  2 giant cockroaches
  3 hobgoblins
  A quokka (D:2)
  2 bats
  2 giant newts (D:2)
  5 kobolds
  5 rats
33 creatures vanquished.

Vanquished Creatures (others)
  5 toadstools (D:1)
5 creatures vanquished.

Grand Total: 38 creatures vanquished

Notes
Turn   | Place    | Note
--------------------------------------------------------------
     0 | D:1      | Kenran the Demonspawn Gladiator began the quest for the Orb.
     0 | D:1      | Reached XP level 1. HP: 16/16 MP: 1/1
   146 | D:1      | Reached skill level 3 in Long Blades
   190 | D:1      | Gained mutation: You have a pair of small antennae on your head. [demonic ancestry]
   190 | D:1      | Reached XP level 2. HP: 20/22 MP: 2/2
   846 | D:2      | Reached XP level 3. HP: 13/27 MP: 3/3
  1195 | D:2      | Reached skill level 4 in Long Blades
  1218 | D:2      | HP: 1/27 [poisoned by an adder]
  1539 | D:2      | Found an opulent altar of Gozag.
  1539 | D:2      | Found a sparkling altar of Nemelex Xobeh.
  1557 | D:2      | Became a worshipper of Gozag Ym Sagoz the Greedy
  1785 | D:2      | Gained mutation: Your movements are slightly less encumbered by armour (ER -2). [demonic ancestry]
  1785 | D:2      | Reached XP level 4. HP: 33/33 MP: 4/4
  2225 | D:2      | Slain by a gnoll

Skill      XL: |  1  2  3 |
---------------+----------+-----
Long Blades    | 3 4 |  4.8
Fighting       | |  2.0
Throwing       | |  1.7
Dodging        | |  2.6

Action                   |  1- 3 |  4- 6 || total
-------------------------+-------+-------++-------
Melee: Long sword        |    95 |    52 ||   147
Throw: Tomahawk          |     1 |       ||     1
  Use: Potion            |       |     1 ||     1
 Stab: Sleeping          |     1 |       ||     1
  Eat: Chunk             |     3 |       ||     3
       Meat ration       |       |     1 ||     1
Armor: Leather armour    |    13 |     8 ||    21
Dodge: Dodged            |    69 |    47 ||   116
